AoeStats
← neoareyaneg

MegaRandom

504349271Analyzed
4v4 RM · 27d ago on Sep 5, 2026· 57m 41s· 8 players
Game mode
Random Map
Map size
Large (8 player)
Population
200
Speed
Normal
Resources
Standard
Victory
Conquest
Starting age
Dark Age
Ending age
Imperial Age
RankedLock teamsTeams togetherTeam positionsShared explorationLock speedFull tech treeHidden civsTurbo modeCheats
Victory
Defeat
🇺🇸 Tatars · United States
1029
+10
🇦🇺 Mongols · Australia
955
+13
🇹🇼 Burgundians · Taiwan
918
+14
🇨🇦 Hindustanis · Canada
840
+16
🇲🇽 Persians · Mexico
886
-14
🇲🇽 Vietnamese · Mexico
878
-13
🇲🇽 Byzantines · Mexico
878
-13
🇲🇽 Mongols · Mexico
878
-13
bjharris17
6:00 Loom
10:52 Feudal Age
11:28 Double-Bit Axe
14:37 Horse Collar
18:22 Wheelbarrow
21:36 Castle Age
20:48 Fletching
20:58 Padded Archer Armor
22:39 Bow Saw
22:55 Elite Skirmisher
25:06 Bodkin Arrow
25:28 Heavy Plow
26:24 Ballistics
30:19 Hand Cart
35:59 Imperial Age
34:25 Bloodlines
33:37 Light Cavalry
35:23 Pikeman
38:50 Crossbowman
48:08 Caravan
56:54 Bracer
57:09 Leather Archer Armor
56:55 Scale Mail Armor
57:05 Forging
57:18 Capped Ram
ChewyScreams
11:50 Feudal Age
10:06 Loom
18:22 Castle Age
17:00 Wheelbarrow
17:41 Double-Bit Axe
26:37 Caravan
28:53 Bloodlines
36:27 Imperial Age
34:15 Hand Cart
34:31 Bow Saw
35:54 Fishing Lines
36:32 Grand Trunk Road
38:45 Shatagni
39:06 Conscription
38:42 Gillnets
39:03 Scale Barding Armor
39:08 Forging
38:50 Fletching
39:12 Heavy Camel Rider
39:57 Husbandry
42:12 Chemistry
41:14 Bodkin Arrow
41:44 Chain Barding Armor
41:59 Iron Casting
41:20 Light Cavalry
43:02 Plate Barding Armor
42:32 Bracer
42:34 Padded Archer Armor
42:12 Hussar
45:48 Imperial Camel Rider
唉呦我的媽
11:21 Feudal Age
15:54 Double-Bit Axe
18:15 Wheelbarrow
20:46 Castle Age
19:21 Bow Saw
19:01 Horse Collar
20:19 Heavy Plow
20:15 Gold Mining
21:01 Forging
20:57 Scale Barding Armor
23:07 Iron Casting
22:54 Chain Barding Armor
22:38 Husbandry
23:22 Gold Shaft Mining
22:45 Cavalier
25:32 Hand Cart
28:03 Two-Man Saw
29:41 Crop Rotation
31:34 Burgundian Vineyards
34:05 Imperial Age
33:48 Town Watch
34:37 Burgundian Vineyards
35:59 Blast Furnace
35:36 Plate Barding Armor
35:46 Conscription
36:28 Stone Mining
37:40 Paladin
39:11 Town Patrol
43:49 Capped Ram
45:16 Elite Coustillier
ueatallmapercs
10:38 Feudal Age
15:51 Castle Age
17:40 Double-Bit Axe
17:37 Horse Collar
19:09 Thumb Ring
20:43 Fletching
23:09 Padded Archer Armor
23:46 Bloodlines
23:37 Husbandry
24:33 Ballistics
26:08 Bow Saw
27:21 Ballistics
28:19 Leather Archer Armor
30:21 Bodkin Arrow
30:48 Heavy Plow
31:53 Husbandry
33:11 Wheelbarrow
37:57 Murder Holes
39:11 Scale Barding Armor
41:52 Imperial Age
40:40 Chain Barding Armor
42:12 Elite Steppe Lancer
46:10 Hand Cart
46:39 Forging
48:03 Iron Casting
47:54 Conscription
51:05 Blast Furnace
58:55 Hoardings
neoareyaneg
10:31 Feudal Age
13:58 Double-Bit Axe
13:55 Horse Collar
40:54 Wheelbarrow
46:00 Castle Age
leonm96
1:55 Loom
12:25 Feudal Age
17:47 Castle Age
20:22 Wheelbarrow
21:48 Fishing Lines
22:17 Double-Bit Axe
22:16 Horse Collar
23:16 Wheelbarrow
22:16 Crossbowman
25:57 Ballistics
28:42 Heavy Plow
29:01 Bow Saw
29:15 Gold Mining
29:15 Stone Mining
30:45 Gillnets
31:19 Hand Cart
32:14 Pikeman
32:54 Squires
35:08 Fletching
35:21 Scale Mail Armor
35:57 Light Cavalry
36:28 Arson
37:30 Chain Mail Armor
37:21 Scale Barding Armor
38:22 Greek Fire
43:05 Imperial Age
45:58 Chemistry
44:55 Murder Holes
44:40 Onager
45:30 Heavy Camel Rider
49:07 Elite Cataphract
50:22 Hoardings
50:06 Gambesons
49:46 Halberdier
agv894
10:10 Feudal Age
10:38 Double-Bit Axe
10:43 Loom
12:37 Horse Collar
13:21 Town Watch
15:44 Forging
19:20 Castle Age
17:51 Stone Mining
19:28 Scale Barding Armor
20:45 Elite Skirmisher
24:52 Thumb Ring
25:28 Bow Saw
26:26 Town Patrol
26:49 Gold Mining
27:38 Stone Shaft Mining
28:23 Wheelbarrow
29:44 Gold Shaft Mining
31:00 Husbandry
31:11 Bloodlines
34:52 Hand Cart
39:16 Imperial Age
37:25 Fletching
37:36 Padded Archer Armor
39:09 Murder Holes
39:35 Ballistics
39:26 Masonry
38:54 Light Cavalry
44:42 Conscription
44:24 Hussar
46:29 Chemistry
48:18 Chain Barding Armor
48:14 Leather Archer Armor
47:54 Bodkin Arrow
49:00 Elite Mangudai
yehoshafat.s.r
9:35 Feudal Age
10:03 Double-Bit Axe
12:12 Horse Collar
13:21 Wheelbarrow
18:13 Castle Age
16:47 Stone Mining
17:54 Gold Mining
19:36 Stone Shaft Mining
19:16 Bow Saw
20:24 Heavy Plow
22:05 Hand Cart
23:32 Crossbowman
24:42 Thumb Ring
26:02 Fletching
26:16 Padded Archer Armor
27:31 Ballistics
27:20 Bodkin Arrow
27:41 Leather Archer Armor
29:44 Loom
33:20 Imperial Age
36:05 Bracer
36:41 Paper Money
42:42 Chemistry
42:17 Ring Archer Armor
41:32 Elite Rattan Archer
43:13 Murder Holes
Connection lost

Rejoining the realm…

Still unreachable

The connection could not be restored.

Session expired

The server has moved on; the page needs a fresh start.